 Dungeon Crawl Stone Soup version 0.20.0-15-g7f486f2 (webtiles) character file.

9629 RaHiT the Grappler (level 11, -8/99 HPs)
             Began as a Ghoul Gladiator on June 18, 2017.
             Was a High Priest of Okawaru.
             Mangled by a two-headed ogre
             ... wielding a +0 dire flail
              (10 damage)
             ... on level 8 of the Dungeon.
             The game lasted 00:43:03 (7286 turns).

RaHiT the Grappler (Ghoul Gladiator)                Turns: 7286, Time: 00:43:03

Health: -8/99      AC: 10    Str: 21    XL:     11   Next: 49%
Magic:  10/10      EV: 12    Int:  6    God:    Okawaru [*****.]
Gold:   490        SH:  4    Dex: 10    Spells: 10/10 levels left

rFire    . . .     SeeInvis .     - Unarmed
rCold    + . .     Gourm    .   n - +0 buckler
rNeg     + + +     Faith    .   I - +0 troll leather armour
rPois    ∞         Spirit   .   h - +2 helmet
rElec    .         Reflect  .   (no cloak)
rCorr    .         Harm     .   (no gloves)
MR       .....                  G - +0 pair of boots (curse)
Stlth    +.........             (no amulet)
Regen    0.0/turn               k - +2 ring of intelligence
MPRegen  0.2/turn               (no ring)

@: rotting
A: rotting body, claws 1, carnivore 3, cold resistance 1, negative energy
resistance 3, inhibited regeneration, torment resistance, unbreathing
a: Heroism, Finesse, Renounce Religion


You were on level 8 of the Dungeon.
You worshipped Okawaru.
Okawaru was extremely pleased with you.
You were not hungry.

You visited 1 branch of the dungeon, and saw 10 of its levels.
You also visited: Sewer.

You collected 490 gold pieces.

Inventory:

Missiles
 c - 4 throwing nets (quivered)
Armour
 h - a +2 helmet (worn)
 n - a +0 buckler (worn)
 A - a +2 robe of cold resistance
 G - a cursed +0 pair of boots (worn)
 I - a +0 troll leather armour (worn)
Jewellery
 k - a +2 ring of intelligence (left claw)
Wands
 x - a wand of flame (2/48)
 D - a wand of paralysis (19/24)
Scrolls
 b - a scroll of noise
 i - 4 scrolls of teleportation
 j - 5 scrolls of enchant weapon
 l - 2 scrolls of blinking
 m - 7 scrolls of remove curse
 o - a scroll of holy word
 u - a scroll of magic mapping
 v - 2 scrolls of enchant armour {unknown}
 y - a scroll of torment {unknown}
 z - 5 scrolls of fog
 B - 3 scrolls of amnesia
 E - a scroll of vulnerability {unknown}
Potions
 a - 2 potions of cancellation
 e - a potion of haste
 f - a potion of lignification
 g - 2 potions of resistance
 r - a potion of berserk rage {unknown}
 s - 2 potions of flight
 t - a potion of curing
 w - a potion of agility {unknown}
 F - a potion of degeneration {unknown}
Comestibles
 d - 11 meat rations
 p - 9 royal jellies


   Skills:
 - Level 10.0 Fighting
 - Level 1.7 Throwing
 - Level 10.2 Armour
 - Level 2.6 Dodging
 - Level 4.1 Shields
 * Level 10.6 Unarmed Combat


You had 10 spell levels left.
You didn't know any spells.

Dungeon Overview and Level Annotations

Branches:
Dungeon (10/15)            Temple (0/1) D:6            Lair (0/6) D:9
    Orc: D:9-12

Altars:
Dithmenos
Gozag
Hepliaklqana
Kikubaaqudgha
Makhleb
Okawaru
Trog
Vehumet

Shops:
D:9 *

Portals:
Bailey: D:10

Annotations:
D:4 loom's ghost, novice HOFi


Innate Abilities, Weirdness & Mutations

Your body is rotting away.
You thrive on raw meat.
You are immune to poison.
You have sharp fingernails.
You are carnivorous and can eat meat at any time.
Your flesh is cold resistant. (rC+)
You are immune to negative energy. (rN+++)
You do not regenerate when monsters are visible.
You are immune to unholy pain and torment.
You can survive without breathing.


Message History

* * * LOW HITPOINT WARNING * * *
You feel much better. The two-headed ogre barely misses you.
You block the two-headed ogre's attack.
You scratch the two-headed ogre.
The two-headed ogre is heavily wounded.
The two-headed ogre hits you but does no damage.
The two-headed ogre hits you with a giant club!!
* * * LOW HITPOINT WARNING * * *
You scratch the two-headed ogre but do no damage.
The two-headed ogre is heavily wounded.
You scratch the two-headed ogre.
The two-headed ogre is heavily wounded.
The two-headed ogre hits you with a dire flail!
* * * LOW HITPOINT WARNING * * *
The two-headed ogre completely misses you.
You feel much better.
The two-headed ogre hits you with a dire flail!
* * * LOW HITPOINT WARNING * * *
The two-headed ogre hits you with a giant club!
You die...

#.# #.# #.# #.### #.#
#.... #.####### #.#..
#.##....# ####'##.
#)##....###)......
#>........'.......
#O#########.......
#@................
########.................
#..........##.#####.....<
#..........##.# #.#.##.
#..........##.#####.#.##.
#..........##.....#.#.##.
#..........##.###.#.#.##.
#...................#.##<
#..........##.###.###.###


You could see a two-headed ogre.

Vanquished Creatures
  A hydra (D:9)
  2 two-headed ogres
  Joseph (D:7)
  The ghost of Gargoyl the Skirmisher, an amateur DrAK of Lugonu (D:6)
  A troll (D:9)
  Grinder (D:6)
  2 dream sheep (D:9)
  6 yaks
  A hungry ghost (D:8)
  A steam dragon (D:8)
  A water moccasin (D:7)
  2 hell hounds (D:8)
  5 orc warriors
  A sky beast (D:8)
  5 ice beasts
  An eye of draining (D:9)
  A phantom (D:6)
  3 necrophages (D:9)
  4 ogres
  3 centaurs
  Blork the orc (D:5)
  4 bullfrogs
  5 big kobolds
  A wyvern zombie (D:9)
  A scorpion (D:5)
  10 wights
  2 howler monkeys
  4 crimson imps
  2 bullfrog zombies
  4 hounds
  5 jellies
  A centaur zombie (D:5)
  9 orc priests
  2 bullfrog skeletons
  Natasha (D:2)
  3 iguanas
  8 orc wizards
  3 worker ants
  A hound zombie (D:5)
  3 hound skeletons
  A mummy (D:9)
  A worker ant zombie (D:10)
  4 gnolls (D:5)
  A howler monkey skeleton (D:9)
  11 adders
  6 river rats
  An ooze (D:6)
  An adder skeleton (D:9)
  An adder zombie (D:9)
  3 worms
  2 dart slugs
  5 leopard geckos
  35 orcs
  4 ball pythons
  12 giant cockroaches
  13 goblins
  11 hobgoblins
  A jackal (Sewer)
  4 quokkas
  6 bats
  6 frilled lizards
  A giant cockroach zombie (D:5)
  A jackal skeleton (D:6)
  11 kobolds
  2 quokka skeletons
  A quokka zombie (D:5)
  10 rats
268 creatures vanquished.

Vanquished Creatures (others)
  A wizard (D:8)
1 creature vanquished.

Grand Total: 269 creatures vanquished

Notes
Turn   | Place    | Note
-------+----------+-------------------------------------------
     0 | D:1      | RaHiT the Ghoul Gladiator began the quest for the Orb.
     0 | D:1      | Reached XP level 1. HP: 17/17 MP: 0/0
    36 | D:1      | Reached XP level 2. HP: 24/24 MP: 1/1
   342 | D:1      | Reached XP level 3. HP: 28/29 MP: 2/2
   696 | D:2      | Noticed Natasha
   703 | D:2      | Killed Natasha
   703 | D:2      | Reached skill level 5 in Unarmed Combat
   703 | D:2      | Reached XP level 4. HP: 26/34 MP: 3/3
  1268 | D:3      | Reached XP level 5. HP: 41/41 MP: 4/4
  1562 | D:3      | Found a burning altar of Makhleb.
  1563 | D:3      | Found a radiant altar of Vehumet.
  1592 | D:3      | Noticed an orc warrior
  1600 | D:3      | Killed an orc warrior
  1600 | D:3      | Reached XP level 6. HP: 6/48 MP: 5/5
  1939 | D:4      | Reached XP level 7. HP: 22/55 MP: 6/6
  1950 | D:4      | Noticed loom's ghost (novice HOFi)
  1976 | D:4      | Found a shadowy altar of Dithmenos.
  2168 | D:4      | Found a glowing drain.
  2208 | Sewer    | Entered a sewer
  2333 | Sewer    | Found a white marble altar of Elyvilon.
  2670 | D:5      | Entered Level 5 of the Dungeon
  2710 | D:5      | Noticed Blork the orc
  2718 | D:5      | Killed Blork the orc
  2797 | D:5      | Reached skill level 10 in Unarmed Combat
  2877 | D:5      | Reached skill level 1 in Shields
  2877 | D:5      | Reached XP level 8. HP: 54/61 MP: 7/7
  3751 | D:6      | Found an iron altar of Okawaru.
  3751 | D:6      | Noticed Gargoyl's ghost (amateur DrAK)
  3757 | D:6      | Found an ancient bone altar of Kikubaaqudgha.
  3760 | D:6      | Found a hazy altar of Hepliaklqana.
  3763 | D:6      | Became a worshipper of Warmaster Okawaru
  3767 | D:6      | Noticed Grinder
  3780 | D:6      | Paralysed by Grinder for 6 turns
  3813 | D:6      | Killed Grinder
  3813 | D:6      | Reached skill level 5 in Fighting
  3909 | D:6      | Reached skill level 1 in Armour
  3989 | D:6      | Reached XP level 9. HP: 62/74 MP: 8/8
  4066 | D:6      | Found a staircase to the Ecumenical Temple.
  4082 | D:6      | Killed Gargoyl's ghost
  4082 | D:6      | Reached * piety under Okawaru
  4481 | D:7      | Noticed Joseph
  4501 | D:7      | Killed Joseph
  4501 | D:7      | Reached skill level 5 in Armour
  4505 | D:7      | Reached ** piety under Okawaru
  4989 | D:8      | Noticed a two-headed ogre
  5006 | D:8      | Killed a two-headed ogre
  5006 | D:8      | Reached *** piety under Okawaru
  5006 | D:8      | Reached XP level 10. HP: 10/90 MP: 9/9
  5617 | D:8      | Found a bloodstained altar of Trog.
  5618 | D:8      | Noticed a wizard
  5624 | D:8      | Killed a wizard
  5725 | D:8      | Reached **** piety under Okawaru
  5846 | D:8      | Reached skill level 10 in Fighting
  6142 | D:9      | Found an opulent altar of Gozag.
  6288 | D:9      | Noticed a two-headed ogre
  6295 | D:9      | Killed a two-headed ogre
  6295 | D:9      | Reached ***** piety under Okawaru
  6325 | D:9      | Received a gift from Okawaru
  6388 | D:9      | Found Rotuenlu's Assorted Antiques.
  6422 | D:8      | Reached XP level 11. HP: 47/99 MP: 10/10
  6724 | D:9      | Found a staircase to the Lair.
  6869 | D:9      | Received a gift from Okawaru
  6940 | D:9      | Noticed a two-headed hydra
  6948 | D:9      | Killed a two-headed hydra
  6948 | D:9      | Reached skill level 10 in Armour
  6995 | D:10     | Entered Level 10 of the Dungeon
  7005 | D:10     | Found a flagged portal.
  7065 | D:10     | Noticed a two-headed ogre
  7070 | D:10     | HP: 4/99 [two-headed ogre/dire flail (12)]
  7286 | D:8      | HP: 2/99 [two-headed ogre/dire flail (17)]
  7286 | D:8      | Mangled by a two-headed ogre

Skill      XL: |  1  2  3  4  5  6  7  8  9 10 11 |
---------------+----------------------------------+-----
Unarmed Combat | 4 5 6 7 8 10 | 10.6
Shields        | 1 4 |  4.1
Fighting       | 5 8 10 | 10.0
Armour         | 2 6 8 10 | 10.2
Throwing       | |  1.7
Dodging        | |  2.6

Action                   |  1- 3 |  4- 6 |  7- 9 | 10-12 || total
-------------------------+-------+-------+-------+-------++-------
Melee: Unarmed           |    67 |   163 |   417 |   409 ||  1056
       Punch             |     1 |     3 |     7 |       ||    11
Throw: Throwing net      |       |       |     1 |       ||     1
Invok: Heroism           |       |       |       |     2 ||     2
Evoke: Wand              |       |       |     5 |       ||     5
  Use: Potion            |       |       |     4 |     3 ||     7
       Scroll            |       |       |     7 |     6 ||    13
  Eat: Chunk             |    13 |    40 |    59 |    67 ||   179
       Royal jelly       |       |       |       |     1 ||     1
Armor: Leather armour    |    22 |    51 |    84 |       ||   157
       Robe              |       |       |     9 |    79 ||    88
       Troll leather arm |       |       |       |    35 ||    35
Dodge: Dodged            |    40 |    82 |   197 |   206 ||   525
Block: Buckler           |       |       |    23 |    71 ||    94
